Unix NetHack Version 3.7.0-102 Work-in-progress - last build Apr 6 2024 13:22:21 (d302a6a9ff6341f1a922d8f5af178406b35fdf99,branch:master). Game began 2024-05-01 08:22:33, ended 2024-05-01 08:28:24. Raisse, lawful female dwarven Archeologist -- -- .--.--- ......-- ....... --......- |.......-- --........| ----- --.........-- G.. ----...........| .. --........... |.. |..........- |. |..<....| |:-- |-......-- |h.| ---..%.....-- |.f| |...........- --.-- ---....---.....- #..| --......| -.--..| --.-- |.......| -- --- |..---...*...| |.......|.---- ----------- Raisse the Digger St:12 Dx:10 Co:11 In:15 Wi:16 Ch:11 Lawful Dlvl:4 $:132 HP:0(24) Pw:8(8) AC:8 Xp:2/27 T:1384 Burdened Latest messages: The dwarf zombie hits Poes. The dwarf zombie hits! Poes bites the dwarf zombie. Poes bites the dwarf zombie. The dwarf zombie is destroyed! The dwarf zombie hits! You miss the dwarf zombie. Poes misses the dwarf zombie. Poes bites the dwarf zombie. The dwarf zombie misses Poes. Are you sure you want to pray? [yn] (n) y You begin praying to Quetzalcoatl. You are surrounded by a shimmering light. Poes misses the dwarf zombie. The dwarf zombie starts to attack you, but pulls back. Poes misses the dwarf zombie. Poes bites the dwarf zombie. The dwarf zombie hits Poes. The dwarf zombie starts to attack you, but pulls back. You finish your prayer. You feel that Quetzalcoatl is well-pleased. You feel much better. You hit the dwarf zombie. The dwarf zombie hits! You hit the dwarf zombie! You hit the dwarf zombie. The dwarf zombie hits! The dwarf zombie hits! You miss the dwarf zombie. The dwarf zombie hits! You destroy the dwarf zombie! You climb up the stairs. You fall down the stairs. Poes picks up a gem. Poes drops a gem. You start digging. You hit the rock with all your might. You make an opening in the wall. You hear a B note squeak in the distance. The iguana bites! The iguana bites! You start digging. You hit the rock with all your might. You stop digging. The iguana bites! You miss the iguana. The iguana bites! You die... Do you want your possessions identified? [ynq] (y) y Do you want to see your attributes? [ynq] (y) q Inventory: Coins $ - 132 gold pieces Weapons a - an uncursed +2 bullwhip (alternate weapon; not wielded) p - an uncursed +0 elven broadsword Armor y - a cursed +0 cornuthaum A - a blessed +0 leather jacket (being worn) C - a cursed +0 cloak of magic resistance (being worn) H - an uncursed +0 fedora (being worn) N - an uncursed +0 dwarvish iron helm Comestibles e - 2 uncursed food rations k - 2 uncursed lichen corpses Scrolls j - 2 cursed scrolls of identify n - an uncursed scroll of enchant weapon s - an uncursed scroll of create monster Potions q - an uncursed potion of gain ability r - 2 uncursed potions of healing z - a cursed potion of gain energy B - 2 blessed potions of healing D - a cursed potion of healing E - a cursed potion of paralysis F - a cursed potion of enlightenment Rings o - a cursed ring of polymorph G - a cursed ring of polymorph control I - a cursed +1 ring of protection J - an uncursed ring of searching Wands K - a cursed wand of magic missile (0:2) L - a cursed wand of striking (0:5) Tools d - an uncursed +0 pick-axe (weapon in right hand) i - an uncursed magic marker (0:21) l - an uncursed tinning kit (0:82) v - a cursed magic marker (0:22) w - an uncursed stethoscope x - an uncursed sack containing 1 item M - an uncursed skeleton key Gems/Stones m - an uncursed fluorite stone t - an uncursed touchstone Contents of the sack: an uncursed +0 dwarvish mattock Raisse the Archeologist's attributes: Background: You were a Digger, a level 2 female dwarven Archeologist. You were lawful, on a mission for Quetzalcoatl who was opposed by Camaxtli (neutral) and Huhetotl (chaotic). You were right-handed. You were in the Gnomish Mines, on level 4. You entered the dungeon 1384 turns ago. You had 27 experience points, 13 more were needed to attain level 3. Basics: You had 0 out of 24 hit points. You had all 8 energy points (spell power). Your armor class was 8. Your wallet contained 132 zorkmids. Autopickup was off. Final Characteristics: Your strength was 12 (limit:18/100). Your dexterity was 10 (limit:20). Your constitution was 11 (limit:20). Your intelligence was 15 (limit:16). Your wisdom was 16 (limit:16). Your charisma was 11 (limit:16). Final Status: You weren't hungry. You were burdened; movement was slightly slowed. You were wielding a pick-axe. You had basic skill with pick-axe. Final Attributes: You were devoutly aligned. You were magic-protected. You had automatic searching. You had infravision. You were warded. You are dead. Miscellaneous: You encountered 1 bones level. Total elapsed playing time was 5 minutes and 50 seconds. Major events: Turn 1: Raisse the lawful female dwarven Archeologist entered the dungeon 523: entered the Gnomish Mines 1384: killed by an iguana Vanquished creatures: a dwarf 2 dwarf zombies 2 gnomes 4 jackals a fox a sewer rat 3 grid bugs 2 lichens a kobold zombie 2 newts 19 creatures vanquished. No species were genocided or became extinct. Voluntary challenges: You were illiterate. You never engraved Elbereth. You never genocided any monsters. You never polymorphed an object. You never changed form. You used no wishes. Achievement: You entered the Gnomish Mines. The Dungeons of Doom: levels 1 to 2 Level 1: A fountain. Level 2: Stairs down to The Gnomish Mines. The Gnomish Mines: levels 3 to 4 Level 3: A grave. Final resting place for WizzyTheWeird-Wiz-Hum-Mal-Neu, killed by a dwarf. Level 4: <- You were here. Final resting place for you, killed by an iguana. Game over: ---------- / \ / REST \ / IN \ / PEACE \ / \ | Raisse | | 132 Au | | killed by an | | iguana | | | | | | 2024 | *| * * * | * _________)/\\_//(\/(/\)/\//\/|_)_______ Goodbye Raisse the Archeologist... You died in The Gnomish Mines on dungeon level 4 with 377 points, and 132 pieces of gold, after 1384 moves. You were level 2 with a maximum of 24 hit points when you died.